 Dungeon Crawl Stone Soup version 0.20-a0-1015-g2ec8a95 (webtiles) character file.

191 Gorglomux the Skirmisher (level 5, -2/61 HPs)
             Began as an Ogre Ice Elementalist on Apr 15, 2017.
             Slain by Duvessa
             ... wielding a +0 short sword
              (16 damage)
             ... on level 4 of the Dungeon.
             The game lasted 00:09:45 (2927 turns).

Gorglomux the Skirmisher (Ogre Ice Elementalist)    Turns: 2927, Time: 00:09:46

Health: -2/61      AC:  3    Str: 12    XL:     5   Next: 70%
Magic:  6/8        EV: 10    Int: 16    God:
Gold:   150        SH:  0    Dex: 10    Spells: 7/8 levels left

rFire    . . .     SeeInvis .   A - +4 Vampire's Tooth {vamp}
rCold    . . .     Gourm    .   (no shield)
rNeg     . . .     Faith    .   a - +0 robe
rPois    .         Spirit   .   (helmet restricted)
rElec    .         Reflect  .   (no cloak)
rCorr    .         Harm     .   (gloves unavailable)
MR       .....                  (boots unavailable)
Stlth    ++........             (no amulet)
Regen    0.2/turn               (no ring)
MPRegen  0.2/turn               (no ring)

@: no status effects
A: unfitting armour, tough skin 1
a: no special abilities


You were on level 4 of the Dungeon.
You were not hungry.

You visited 1 branch of the dungeon, and saw 4 of its levels.

You collected 150 gold pieces.

Inventory:

Hand Weapons
 g - a +0 dagger
 i - a +0 whip
 A - the +4 Vampire's Tooth (weapon) {vamp}
   (You found it on level 4 of the Dungeon)

   It inflicts no extra harm, but heals its wielder when it wounds a living foe.
Armour
 a - a +0 robe (worn)
Scrolls
 d - a scroll of blinking {unknown}
 k - 3 scrolls of identify {unknown}
 m - 3 scrolls of amnesia {unknown}
 o - 2 scrolls of remove curse {unknown}
 p - a scroll of enchant weapon {unknown}
 t - a scroll of fog {unknown}
Potions
 j - a potion of magic {unknown}
 l - 2 potions of lignification {unknown}
 s - 2 potions of brilliance {unknown}
 w - a potion of degeneration {unknown}
 B - a potion of flight {unknown}
Books
 b - a book of Frost

   Spells                             Type                      Level
   a - Freeze                         Ice                          1
   b - Throw Frost                    Conjuration/Ice              2
   c - Ozocubu's Armour               Charms/Ice                   3
   d - Throw Icicle                   Conjuration/Ice              4
   e - Summon Ice Beast               Ice/Summoning                4
 y - a book of Cantrips

   Spells                             Type                      Level
   a - Confusing Touch                Hexes                        1
   b - Animate Skeleton               Necromancy                   1
   c - Summon Small Mammal            Summoning                    1
   d - Apportation                    Translocation                1
Comestibles
 c - 2 bread rations
 h - 2 meat rations
 r - a royal jelly
 u - 5 fruits
 z - 4 chunks of flesh


   Skills:
 + Level 6.9 Fighting
 - Level 1.7 Dodging
 - Level 1.4 Stealth
 - Level 2.4 Spellcasting
   Level 0.8 Conjurations
 - Level 2.6 Ice Magic


You had 7 spell levels left.
You knew the following spells:

 Your Spells              Type           Power        Failure   Level  Hunger
a - Freeze                Ice            ##..         10%         1    #......


Dungeon Overview and Level Annotations

Branches:
Dungeon (4/15)
 Temple: D:4-7

Altars:
The Shining One

Annotations:
D:4 Dowan, Duvessa


Innate Abilities, Weirdness & Mutations

You are too large for most types of armour.
You have tough skin. (AC +1)


Message History

You barely miss Duvessa.
Duvessa is lightly wounded.
Duvessa hits you but does no damage.
You hit Duvessa but do no damage.
Duvessa is lightly wounded.
Duvessa misses you.
You hit Duvessa.
You feel better.
Duvessa is moderately wounded.
Duvessa hits you with a short sword!
* * * LOW HITPOINT WARNING * * *
Dowan barely misses you.
Casting: Freeze
Confirm with . or Enter, or press ? or * to list all spells.
Aiming: Freeze
Press: ? - help, Shift-Dir - straight line, f - Dowan
Aim: Dowan, wielding a dagger of venom and wearing a robe You freeze Dowan.
Dowan is lightly wounded.
Duvessa hits you with a short sword!
You die...

####################
#..........e@e......
#.##################
#.####### #.#.....#
#.'.....+ #.#.....#
#.####### #.#
#####'##


You could see Duvessa and Dowan.

Vanquished Creatures
  2 vampire bats (D:4)
  3 adders
  2 worms (D:2)
  7 dart slugs
  2 leopard geckos (D:3)
  4 giant cockroaches (D:1)
  5 goblins
  4 hobgoblins
  2 jackals (D:1)
  3 quokkas
  4 ball pythons
  9 bats
  9 frilled lizards
  9 kobolds
  A leopard gecko skeleton (D:4)
  7 rats
73 creatures vanquished.

Notes
Turn   | Place    | Note
-------+----------+-------------------------------------------
     0 | D:1      | Gorglomux the Ogre Ice Elementalist began the quest for the Orb.
     0 | D:1      | Reached XP level 1. HP: 16/16 MP: 3/3
   141 | D:1      | Reached skill level 1 in Fighting
   282 | D:1      | Reached skill level 2 in Fighting
   288 | D:1      | Reached XP level 2. HP: 28/28 MP: 1/5
   372 | D:1      | Reached skill level 3 in Fighting
   480 | D:1      | Reached XP level 3. HP: 26/37 MP: 1/6
  1037 | D:2      | Reached skill level 4 in Fighting
  1178 | D:2      | HP: 1/39 [worm (11)]
  1729 | D:2      | Found a faded altar of an unknown god.
  1778 | D:2      | Reached XP level 4. HP: 49/49 MP: 7/7
  1839 | D:2      | Reached skill level 5 in Fighting
  1893 | D:2      | Found a glowing golden altar of the Shining One.
  1899 | D:2      | Became a worshipper of the Shining One
  2847 | D:4      | Reached skill level 6 in Fighting
  2847 | D:4      | Reached XP level 5. HP: 54/61 MP: 2/8
  2865 | D:4      | Fell from the grace of the Shining One
  2912 | D:4      | Noticed Duvessa
  2915 | D:4      | Noticed Dowan
  2927 | D:4      | Slain by Duvessa

Vault maps used:
D:1:      dpeg_arrival_circle_labyrinth_c
D:2:      lemuel_round_altar, chequers_ecumenical_altar_twisty,
          kennysheep_decorative_pillar
D:3:      minmay_strange_pillars
D:4:      minmay_guarded_unrand_vampires_tooth, uniq_duvessa

Skill      XL: |  1  2  3  4 |
---------------+-------------+-----
Fighting       | 2 3 4 6 |  6.9
Dodging        | |  1.7
Stealth        | |  1.4
Spellcasting   | |  2.4
Conjurations   | |  0.8
Ice Magic      | |  2.6

Action                   |  1- 3 |  4- 6 || total
-------------------------+-------+-------++-------
Melee: Unarmed           |    16 |       ||    16
       Dagger            |    37 |    17 ||    54
       Whip              |    61 |    49 ||   110
 Cast: Freeze            |    43 |    37 ||    80
Invok: Renounce Religion |       |     1 ||     1
 Stab: Sleeping          |     4 |     1 ||     5
  Eat: Chunk             |     3 |     4 ||     7
       Meat ration       |       |     1 ||     1
Armor: Robe              |    26 |    27 ||    53
Dodge: Dodged            |    89 |    58 ||   147
